 Dungeon Crawl Stone Soup version 0.30-a0-1008-g30c9307041 (webtiles) character file.

Game seed: 8310671823330561422

182 promet the Covered (level 5, -3/46 (47) HPs)
             Began as a Minotaur Fighter on Apr 5, 2023.
             Slain by Edmund
             ... wielding a +7 dire flail of holy wrath
              (17 damage)
             ... on level 4 of the Dungeon.
             The game lasted 00:08:03 (2356 turns).

promet the Covered (Minotaur Fighter)               Turns: 2356, Time: 00:08:04

HP:   -3/46 (47)    AC:  8    Str: 21    XL:     5   Next: 35%
MP:   4/4           EV:  9    Int:  7    God:
Gold: 180           SH:  4    Dex:  9    Spells: 4/4 levels left

rFire   . . .      SeeInvis .    a - +0 war axe
rCold   . . .      Faith    .    c - +0 buckler
rNeg    . . .      Spirit   .    b - +0 scale mail
rPois   .          Reflect  .    (helmet restricted)
rElec   .          Rampage  .    (no cloak)
rCorr   .                        l - +0 pair of gloves
Will    .....                    (no boots) Stlth
                                 (no amulet)
HPRegen 0.27/turn                (no ring)
MPRegen 0.09/turn                (no ring)

@: lightly drained
A: horns 2, retaliatory headbutt
a: no special abilities


You were on level 4 of the Dungeon.
You visited 1 branch of the dungeon, and saw 4 of its levels.

You collected 180 gold pieces.

Inventory:

Hand Weapons
 a - a +0 war axe (weapon)
 i - a +0 whip of flaming
 k - a +2 heavy hand axe
 m - a +0 long sword
 u - a +2 short sword of draining
 w - a +1 dagger of electrocution
Missiles
 j - 27 stones
 t - 6 poisoned darts (quivered)
Armour
 b - a +0 scale mail (worn)
 c - a +0 buckler (worn)
 l - a +0 pair of gloves (worn)
Jewellery
 o - a ring of ice
 q - a ring of flight
Scrolls
 p - a scroll of poison {unknown}
 s - 4 scrolls of identify
 v - a scroll of blinking {unknown}
Potions
 d - a potion of might
 f - a potion of ambrosia
 g - a potion of attraction {unknown}
 h - a potion of magic {unknown}
 n - 2 potions of lignification {unknown}
 r - a potion of degeneration {unknown}


   Skills:
 + Level 4.5 Fighting
 + Level 4.6 Axes
 + Level 4.7 Armour
 + Level 0.8 Dodging
 + Level 4.3 Shields


You had 4 spell levels left.
You didn't know any spells.
Your spell library contained the following spells:

 Spells                   Type           Power      Damage    Failure   Level
 Inner Flame              Hex/Fire       0%         N/A       99%         3
 Yara's Violent Unravell  Hex/Tmut       0%         3d3       100%        5
 Enfeeble                 Hex            0%         N/A       100%        7


Dungeon Overview and Level Annotations

Branches:
Dungeon (4/15)
 Temple: D:4-7

Altars:
Yredelemnul

Shops:
D:1 =[(:   D:3 *   D:4 ::*

Annotations:
D:4 Edmund


Innate Abilities, Weirdness & Mutations

You have a pair of horns on your head.
You reflexively headbutt those who attack you in melee.


Message History

Press: ? - help, Q - select action, (/) - cycle Shift-Dir - straight line, f/p - Edmund
Aim: Edmund, wielding a +7 dire flail of holy wrath and wearing a +0 ring mail (60% to hit)
You throw a poisoned dart. The poisoned dart barely misses Edmund.
Throw: 8 darts (poison)
Press: ? - help, Q - select action, (/) - cycle Shift-Dir - straight line, f/p - Edmund
Aim: Edmund, wielding a +7 dire flail of holy wrath and wearing a +0 ring mail (60% to hit)
You throw a poisoned dart. The poisoned dart barely misses Edmund.
Throw: 7 darts (poison)
Press: ? - help, Q - select action, (/) - cycle Shift-Dir - straight line, f/p - Edmund
Aim: Edmund, wielding a +7 dire flail of holy wrath and wearing a +0 ring mail (60% to hit)
You throw a poisoned dart. The poisoned dart hits Edmund.
You barely miss Edmund. Your headbutt misses Edmund.
Edmund hits you with a +7 dire flail of holy wrath.
You hit Edmund.
Edmund is lightly wounded.
Edmund says, "I might not be good at magic, but I can still kill you!"
Edmund hits you with a +7 dire flail of holy wrath!
You hit Edmund.
Edmund is lightly wounded.
Edmund barely misses you.
Edmund hits you with a +7 dire flail of holy wrath.
You barely miss Edmund.
Edmund is lightly wounded.
Edmund closely misses you. You furiously retaliate!
You headbutt Edmund. You slash Edmund! Your headbutt misses Edmund.
Edmund is moderately wounded.
Edmund hits you with a +7 dire flail of holy wrath.
You hit Edmund.
Edmund is moderately wounded.
Edmund completely misses you. Edmund closely misses you.
You barely miss Edmund. You headbutt Edmund!
Edmund is heavily wounded.
Edmund hits you with a +7 dire flail of holy wrath.
You hit Edmund. You headbutt Edmund!
Edmund is severely wounded.
Edmund hits you with a +7 dire flail of holy wrath!
* * * LOW HITPOINT WARNING * * *
You feel better.
Edmund hits you with a +7 dire flail of holy wrath!
You die...

#........ ... ....$
##........ .........
. ..#......8. ..#
#...... ..#
(.(.###!.#.##
.∩##### #(..(@@#...#
#..... ...
#.##.....#.# #<...
.. #.#...[.# #..# ..
#.###.∩.###8.###....
# #............#
####.###..
#.#.....########
#.........
#.....#.........
......g..#
##....##########
.......... #....# #


You could see Edmund.

Vanquished Creatures
  2 hounds
  4 adders
  A gnoll (D:1)
  A worm (D:3)
  2 dart slugs
  10 orcs
  6 bats
  7 endoplasms
  2 giant cockroaches
  3 hobgoblins
  6 kobolds
  7 ball pythons
  4 frilled lizards
  3 goblins
  8 rats
66 creatures vanquished.

Notes
Turn   | Place    | Note
-------+----------+-------------------------------------------
     0 | D:1      | promet the Minotaur Fighter began the quest for the Orb.
     0 | D:1      | Reached XP level 1. HP: 19/19 MP: 0/0
    69 | D:1      | Found Deko's Armour Shoppe.
    92 | D:1      | Reached XP level 2. HP: 27/27 MP: 1/1
   345 | D:1      | Found Xakleplu's Book Shoppe.
   486 | D:1      | Found Herphi's Antique Weapon Boutique.
   661 | D:1      | Found Zucsadiff's Jewellery Emporium.
   694 | D:2      | Reached XP level 3. HP: 33/33 MP: 2/2
  1217 | D:3      | Reached XP level 4. HP: 40/40 MP: 3/3
  1245 | D:3      | Found Gujacish's General Store.
  1834 | D:3      | Reached XP level 5. HP: 46/47 MP: 4/4
  1884 | D:3      | Found a basalt altar of Yredelemnul.
  2193 | D:4      | Noticed Edmund
  2193 | D:4      | Found Syararr's Book Shop.
  2327 | D:4      | Found Ycelas's Book Shop.
  2328 | D:4      | Found Aze Lamp's Assorted Antiques.
  2356 | D:4      | Slain by Edmund

Illustrated notes

Levels and vault maps discovered:
D:1:      sevenhm_arrival_forest_fort_small_5, layout_loops_cross, serial_shops,
          nicolae_shop_advertising_works [nicolae_subvault_shop_adworks],
          nicolae_shop_window_shopping, shop, shop_fountains,
          hellmonk_ecumenical_altar_prayer_group
D:2:      layout_rooms, serial_park_tiny_2
D:3:      layout_basic, lemuel_crystal_altar, serial_shops,
          nicolae_shop_crystal, minmay_quadrilaterals
D:4:      layout_rooms, serial_shops, shop_statue, kennysheep_mini_moat,
          nicolae_stop_n_shop_1, nicolae_shop_stone, nicolae_shop_crystal,
          st_stairs_6, nicolae_elevator_lobby_plus, uniq_grinder, uniq_edmund

Skill      XL: |  1  2  3  4 |
---------------+-------------+-----
Fighting       | 4 |  4.5
Armour         | 4 |  4.7
Shields        | 4 |  4.3
Axes           | 3 4 |  4.6
Dodging        | |  0.8

Action                     |  1- 3 |  4- 6 || total
---------------------------+-------+-------++-------
  Melee: War axe           |    64 |    71 ||   135
         Headbutt          |     9 |    14 ||    23
  Throw: Dart              |       |     4 ||     4
    Use: Scroll            |     6 |       ||     6
         Potion            |     1 |     1 ||     2
 Armour: Scale mail        |    32 |    35 ||    67
  Dodge: Dodged            |    39 |    36 ||    75
  Block: Buckler           |    23 |    15 ||    38

Table legend: (Time is in decaauts)
 A = Elapsed time spent in this place.
 B = Non-inter-level travel time spent in this place.
 C = Inter-level travel time spent in this place.
 D = Time resting spent in this place.
 E = Time spent auto-exploring this place.
 F = Levels seen in this place.
 G = Mean time per level.
                   A        B        C        D        E       F      G
               +--------+--------+--------+--------+--------+-----+--------+
         Total |   2405 |   2349 |     56 |    392 |    766 |   4 |  601.2 |
       Dungeon |   2405 |   2349 |     56 |    392 |    766 |   4 |  601.2 |
               +--------+--------+--------+--------+--------+-----+--------+

Top non-repeatable levels by time:
     D:3: 1074 daAuts
     D:1: 687 daAuts
     D:2: 498 daAuts
     D:4: 145 daAuts
